Map: Aire du défenseur EC

Players

RedBaron - Winner!

  • Race: Zerg Zerg
  • Spawn Location: 7:00

VOD

Have the link to the VOD?

Description

Time

  • Played on: May 10, 2017, noon
  • Length: 6:24
Show
View Real Time Build Order
Export as new Build Order

RedBaron Zerg - Winner!

Build Orders: Hatch First 

Get SALT Encoding   

  12  0:03  Drone  
  12  0:13  Overlord  
  12  0:20  Drone  
  12  0:31  Drone x2  
  12  0:36  Drone  
  12  0:57  Hatchery  
  12  1:03  Drone  
  12  1:05  Drone, Extractor  
  12  1:21  Spawning Pool  
  12  1:25  Drone  
  12  1:30  Drone  
  12  1:33  Drone  
  12  1:41  Overlord  
  12  1:55  Drone  
  12  2:06  Drone  
  12  2:09  Queen  
  12  2:11  Queen  
  12  2:17  Zergling x2  
  12  2:22  Metabolic Boost  
  12  2:25  Drone  
  12  2:29  Drone  
  12  2:33  Drone  
  12  2:35  Drone  
  12  2:38  Drone  
  12  2:42  Drone  
  12  2:49  Queen  
  12  3:07  Hatchery  
  12  3:09  Overlord  
  12  3:15  Drone  
  12  3:16  Drone  
  12  3:22  Drone  
  12  3:31  Evolution Chamber  
  12  3:33  Roach Warren, Spore Crawler  
  12  3:40  Spore Crawler  
  12  3:42  Drone x3  
  12  3:45  Drone  
  12  3:55  Overlord  
  12  4:00  Zerg Ground Armor Level 1  
  12  4:08  Overlord  
  12  4:14  Roach x2, Zergling x2  
  12  4:16  Zergling x2  
  12  4:17  Roach x2  
  12  4:25  Lair  
  12  4:27  Extractor  
  12  4:31  Drone, Extractor  
  12  4:32  Drone x2  
  12  4:41  Drone x4  
  12  4:50  Drone x3  
  12  4:55  Drone x2  
  12  4:56  Drone x2  
  12  5:02  Queen  
  12  5:06  Overlord  
  12  5:17  Overlord  
  12  5:24  Roach x3  
  12  5:25  Roach x2  
  12  5:26  Overlord  
  12  5:39  Roach x4  
  12  5:45  Zergling x6  
  12  5:54  Roach  
  12  5:55  Roach x3  
Tags
 
Add a new tag
Caveats
  • Supply blocks, unpowered buildings, or Contaminate may cause inaccurate times.
  • Supply counts are checked every 10 seconds.